 Dungeon Crawl Stone Soup version 0.18.1-48-g4cf74bf (webtiles) character file.

69 Alarkh the Shooter (level 4, -10/33 HPs)
             Began as a Mummy Hunter on Sept 3, 2016.
             Mangled by an ogre
             ... wielding a cursed -1 giant club
              (18 damage)
             ... on level 3 of the Dungeon.
             The game lasted 00:02:05 (1560 turns).

Alarkh the Shooter (Mummy Hunter)                   Turns: 1560, Time: 00:02:06

Health: -10/33     AC:  3    Str: 15    XL:     4   Next: 2%
Magic:  4/4        EV: 11    Int: 11    God:
Gold:   82         SH:  0    Dex: 12    Spells: 0 memorised, 3 levels left

rFire  . . .     SeeInvis .     a - +1 shortbow
rCold  + . .     Gourm    .     c - +0 leather armour
rNeg   + + +     Faith    .     (shield currently unavailable)
rPois  ∞         Spirit   .     (no helmet)
rElec  .         Dismiss  .     (no cloak)
rCorr  .         Reflect  .     (no gloves)
SustAt .         Harm     .     (no boots)
MR     .....                    (no amulet)
Stlth  ++........               h - ring of stealth
                                e - ring of protection from fire

@: not resistant to hostile enchantments, unstealthy
A: no food or potions, fire vulnerability, cold resistance 1, negative energy
resistance 3, torment resistance, unbreathing
a: no special abilities


You were on level 3 of the Dungeon.
You were not hungry.

You visited 1 branch of the dungeon, and saw 3 of its levels.

You collected 82 gold pieces.

Inventory:

Hand Weapons
 a - a +1 shortbow (weapon)
 b - a +0 short sword
Missiles
 d - 25 arrows (quivered)
Armour
 c - a +0 leather armour (worn)
Jewellery
 e - a ring of protection from fire (left hand)
 h - a ring of stealth (right hand)
Scrolls
 f - a scroll of magic mapping {unknown}
 g - 2 scrolls of teleportation
 i - a scroll of noise {unknown}
 j - a scroll of fear {unknown}
 k - a scroll of enchant armour {unknown}


   Skills:
 - Level 2.0 Fighting
 + Level 4.6 Bows
 - Level 1.5 Dodging
 - Level 0.7 Stealth


You had 3 spell levels left.
You didn't know any spells.

Dungeon Overview and Level Annotations

Branches:
Dungeon (3/15)

Altars:
Pakellas


Innate Abilities, Weirdness & Mutations

You do not eat or drink.
Your flesh is vulnerable to fire.
You are immune to poison.
Your flesh is cold resistant.
You are immune to negative energy.
You are immune to unholy pain and torment.
You can survive without breathing.


Message History

Firing (i - inventory):
d - 26 arrows (quivered)
Press: ? - help, Shift-Dir - straight line, f/p - ogre
Aim: an ogre, wielding a giant club (lightly wounded)
You shoot an arrow. The arrow hits the ogre.
The ogre is moderately wounded.
The ogre hits you with a giant club!
* * * LOW HITPOINT WARNING * * *
There is a stone staircase leading up here.
There is a stone staircase leading down here.
There is a stone staircase leading down here.
There is a stone staircase leading down here.
There is a stone staircase leading down here.
There is a stone staircase leading down here.
There is a stone staircase leading up here.
There is a stone staircase leading down here.
There is a stone staircase leading up here.
There is a stone staircase leading down here.
The ogre hits you with a giant club!!
Ouch! That really hurt!
You die...

#.....# ### #.....###
... ## #.......###....
...####.............((#
..............##.......
#...............(....
.##.......>......#.....
........#.#.#....(....(
###......@O.....(...(.#
#.#######.#..(.....## #
#............
###.###.##### #...).#
#######


You could see an ogre.

Vanquished Creatures
  3 adders (D:2)
  An ooze (D:2)
  A worm (D:2)
  2 giant geckos (D:1)
  A ball python (D:2)
  3 giant cockroaches (D:2)
  5 goblins
  2 hobgoblins
  6 kobolds
  2 bats
  2 giant newts
  5 rats
33 creatures vanquished.

Notes
Turn   | Place    | Note
--------------------------------------------------------------
     0 | D:1      | Alarkh the Mummy Hunter began the quest for the Orb.
     0 | D:1      | Reached XP level 1. HP: 16/16 MP: 1/1
   294 | D:1      | Reached XP level 2. HP: 22/22 MP: 2/2
   836 | D:2      | Reached skill level 4 in Bows
   987 | D:2      | Reached XP level 3. HP: 22/27 MP: 3/3
  1273 | D:2      | Found an oddly glowing altar of Pakellas.
  1347 | D:2      | Reached XP level 4. HP: 33/33 MP: 4/4
  1495 | D:3      | Noticed an ogre
  1560 | D:3      | Mangled by an ogre

Skill      XL: |  1  2 |
---------------+-------+-----
Bows           | 4 |  4.6
Fighting       | |  2.0
Dodging        | |  1.5
Stealth        | |  0.7

Action                   |  1- 3 |  4- 6 || total
-------------------------+-------+-------++-------
 Fire: Shortbow          |    86 |    10 ||    96
  Use: Scroll            |       |     1 ||     1
Armor: Leather armour    |     7 |       ||     7
Dodge: Dodged            |    17 |     1 ||    18
